 Dungeon Crawl Stone Soup version 0.30-b1-2-g02819fbbbe (webtiles) character file.

Game seed: 2207106493353557603

248 manyhoops the Digger (level 5, -4/57 HPs)
             Began as a Demigod Earth Elementalist on Nov 20, 2023.
             Slain by Pikel
             ... wielding a +1 whip of freezing
              (8 damage)
             ... on level 3 of the Dungeon.
             The game lasted 00:08:00 (4063 turns).

manyhoops the Digger (Demigod Earth Elementalist)   Turns: 4063, Time: 00:08:01

Health: -4/57      AC: 22    Str: 15    XL:     5   Next: 55%
Magic:  8/13       EV:  2    Int: 21    God:
Gold:   155        SH:  0    Dex: 14    Spells: 5/11 levels left

rFire   . . .        p - +2 flail (protect)
rCold   . . .        (no shield)
rNeg    . . .        a - melded +0 robe
rPois   +            n - melded +0 helmet
rElec   .            (cloak currently unavailable)
rCorr   .            v - melded +0 pair of gloves
SInv    +            h - melded +0 pair of boots
Will    .....        (no amulet)
Stlth   ++           u - +6 ring of strength
HPRegen 0.29/turn    w - ring of see invisible
MPRegen 0.13/turn

%: no passive effects
@: tree-form
A: stationary, stasis, torment immunity, boosted hp, high MP 1, forlorn, divine
attributes
a: no special abilities


You were on level 3 of the Dungeon.
You were a tree.
You visited 1 branch of the dungeon, and saw 4 of its levels.

You collected 155 gold pieces.

Inventory:

Hand Weapons
 j - a +2 dagger of speed
 p - a +2 flail of protection (weapon)
Missiles
 l - a throwing net
Armour
 a - a +0 robe (melded)
 h - a +0 pair of boots (melded)
 n - a +0 helmet (melded)
 v - a +0 pair of gloves (melded)
Jewellery
 k - a ring of ice
 u - a +6 ring of strength (left branch)
 w - a ring of see invisible (right branch)
Wands
 e - a wand of charming (4)
 t - a wand of polymorph (13)
Scrolls
 c - a scroll of magic mapping
 d - a scroll of acquirement
 f - 2 scrolls of vulnerability
 g - a scroll of fog {unknown}
 q - a scroll of poison {unknown}
 r - a scroll of enchant weapon {unknown}
 s - a scroll of fear {unknown}
 x - 2 scrolls of enchant armour {unknown}
Potions
 b - 2 potions of magic
 z - a potion of mutation {unknown}


   Skills:
 - Level 1.7 Dodging
 - Level 1.7 Stealth
 - Level 3.9 Spellcasting
 - Level 0.8 Transmutations
 - Level 4.6 Earth Magic


You had 5 spell levels left.
You knew the following spells:

 Your Spells              Type           Power      Damage    Failure   Level
a - Sandblast             Erth           46%        2d11      1%          1
b - Passwall              Tmut/Erth      12%        N/A       6%          2
c - Stone Arrow           Conj/Erth      26%        3d8       14%         3

Your spell library contained the following spells:

 Spells                   Type           Power      Damage    Failure   Level
 Apportation              Tloc           8%         N/A       12%         1
 Inner Flame              Hex/Fire       4%         N/A       36%         3
 Petrify                  Tmut/Erth      15%        N/A       36%         4
 Flame Wave               Conj/Fire      4%         2d5       77%         4
 Sticky Flame             Conj/Fire      4%         2d3       77%         4
 Alistair's Intoxication  Tmut/Pois      3%         N/A       96%         5


Dungeon Overview and Level Annotations

Branches:
Dungeon (4/15)
 Temple: D:4-7

Shops:
D:4 (

Annotations:
D:3 Pikel


Innate Abilities, Weirdness & Mutations

You are a tree.
Your roots penetrate the ground, keeping you stationary.
You cannot be teleported.
You are immune to unholy pain and torment.
Your maximum health is greatly increased.
Your equipment is partially melded.
You have an increased reservoir of magic. (+10% MP)
You shall have no god before yourself.
Your divine heritage dramatically boosts your attributes as you level up.


Message History

Press: ? - help, Shift-Dir - straight line, f/p - Pikel
Aim: Pikel, wielding a +1 whip of freezing and wearing a +0 robe (heavily wounded, 79% to hit)
The blast of sand hits Pikel but does no damage.
Pikel is heavily wounded.
The lemure shouts!
Pikel hits you but does no damage. Pikel closely misses you.
Casting: Sandblast (safe; 1% risk of failure)
Confirm with . or Enter, or press ? or * to list all spells.
Aiming: Sandblast (safe; 1% risk of failure)
Press: ? - help, Shift-Dir - straight line, f/p - Pikel
Aim: Pikel, wielding a +1 whip of freezing and wearing a +0 robe (heavily wounded, 79% to hit)
Okay, then.
Okay, then.
Okay, then.
Pikel hits you but does no damage. Pikel waves his whip at you.
You closely miss Pikel.
Pikel is heavily wounded.
Pikel hits you with a +1 whip of freezing!
* * * LOW HITPOINT WARNING * * *
Pikel freezes you.
* * * LOW HITPOINT WARNING * * *
Unknown command.
It was a potion of lignification.
You turn into a tree.
Your +0 helmet melds into your body.
Your +0 pair of gloves melds into your body.
Your +0 pair of boots melds into your body.
Your +0 robe melds into your body.
Your roots penetrate the ground.
Pikel hits you but does no damage.
It was a potion of flight.
Your roots keep you in place.
Pikel hits you but does no damage.
Casting: Sandblast (safe; 1% risk of failure)
Confirm with . or Enter, or press ? or * to list all spells.
Aiming: Sandblast (safe; 1% risk of failure)
Press: ? - help, Shift-Dir - straight line, f/p - Pikel
Aim: Pikel, wielding a +1 whip of freezing and wearing a +0 robe (heavily wounded, 79% to hit)
The blast of sand hits Pikel!
Pikel is severely wounded.
Pikel hits you with a +1 whip of freezing!
You die...

.# #.######............## # .#
#...................# # .#
########......<.###.# # .#######
#........# #.###### .......#
#........# #......# ..#.##.#
####.###.########.#
..#.##.###########.# #...# #.#
..#.##..........##>#####.# #.#
#.#.#####.......♣K5...##.######.#
#.#.# #.#####.##.##.##.#......#
....# #.# ##.##.##.##.#.######
..### ##.####...#.##.##........#
..### #...........##.####.####.#
....# #..####...####.# #.# #..
.##.# #..# ##.## #.# ##.## ###
.##.# #..# #.# #.###...###..
..#.####..# #.# #............


You could see Pikel and a lemure.

Vanquished Creatures
  2 lemures (D:3)
  Natasha (twice) (D:2)
  7 gnolls (D:3)
  5 adders
  2 worms
  A dart slug (D:4)
  4 orcs (D:3)
  11 endoplasms
  3 giant cockroaches
  8 goblins
  4 hobgoblins
  2 jackals (D:4)
  A quokka (D:4)
  8 ball pythons
  9 bats
  3 kobolds
  7 rats
79 creatures vanquished.

Vanquished Creatures (others)
  18 plants (D:4)
18 creatures vanquished.

Grand Total: 97 creatures vanquished

Notes
Turn   | Place    | Note
-------+----------+-------------------------------------------
     0 | D:1      | manyhoops the Demigod Earth Elementalist began the quest
                  | for the Orb.
     0 | D:1      | Reached XP level 1. HP: 14/14 MP: 5/5
   264 | D:1      | Reached skill level 3 in Earth Magic
   438 | D:1      | Reached XP level 2. HP: 16/20 MP: 4/7
  1275 | D:2      | Reached XP level 3. HP: 26/26 MP: 5/9
  1596 | D:2      | Noticed Natasha
  1601 | D:2      | Killed Natasha
  1602 | D:2      | Reached XP level 4. HP: 33/33 MP: 6/11
  1687 | D:2      | Noticed Natasha
  1697 | D:2      | Killed Natasha
  1698 | D:2      | Reached skill level 4 in Earth Magic
  2220 | D:3      | Reached XP level 5. HP: 17/38 MP: 10/13
  3015 | D:4      | Found Fystuikk's Weapon Emporium.
  3197 | D:4      | Noticed Pikel
  3484 | D:4      | Learned a level 2 spell: Passwall
  3488 | D:4      | Learned a level 3 spell: Stone Arrow
  3494 | D:4      | Identified a scroll of acquirement
  4063 | D:3      | Slain by Pikel

Illustrated notes

Levels and vault maps discovered:
D:1:      dpeg_arrival_subterranean_lakeside_camping, layout_basic,
          shapermc_ecumenical_altar_hornbeckon
D:2:      layout_loops_ring, uniq_natasha
D:3:      layout_loops_ring
D:4:      layout_gridville, serial_shops, shop, kennysheep_boxes, uniq_pikel

Skill      XL: |  1  2  3  4 |
---------------+-------------+-----
Spellcasting   | 2 3 |  3.9
Earth Magic    | 3 4 |  4.6
Dodging        | |  1.7
Stealth        | |  1.7
Transmutations | |  0.8

Action                     |  1- 3 |  4- 6 || total
---------------------------+-------+-------++-------
  Melee: Unarmed           |     8 |       ||     8
         Dagger            |     4 |       ||     4
         Flail             |       |    21 ||    21
   Cast: Sandblast         |    59 |    91 ||   150
         Stone Arrow       |       |     3 ||     3
  Evoke: Wand              |       |     1 ||     1
    Use: Scroll            |     1 |     2 ||     3
         Potion            |       |     4 ||     4
   Stab: Sleeping          |     1 |     1 ||     2
 Armour: Robe              |     8 |    26 ||    34
         Skin              |       |     2 ||     2
  Dodge: Dodged            |    23 |    60 ||    83
